 Dungeon Crawl Stone Soup version 0.20-a0-1023-gc4d110f (webtiles) character file.

16 Asanbosam the Vexing (level 2, -2/19 HPs)
             Began as a Vampire Enchanter on Apr 19, 2017.
             Slain by a goblin (5 damage)
             ... led by Robin
             ... on level 1 of the Dungeon.
             The game lasted 00:02:00 (622 turns).

Asanbosam the Vexing (Vampire Enchanter)             Turns: 622, Time: 00:02:01

Health: -2/19      AC:  3    Str:  7    XL:     2   Next: 41%
Magic:  5/5        EV: 12    Int: 17    God:
Gold:   38         SH:  0    Dex: 14    Spells: 2/5 levels left

rFire    . . .     SeeInvis +   a - +1 dagger
rCold    . . .     Gourm    .   (no shield)
rNeg     + . .     Faith    .   b - +0 robe
rPois    .         Spirit   .   g - +1 hat {MR+}
rElec    .         Reflect  .   (no cloak)
rCorr    .         Harm     .   (no gloves)
MR       +....                  (no boots)
Stlth    +++.......             (no amulet)
Regen    0.1/turn               (no ring)
MPRegen  0.1/turn               (no ring)

@: no status effects
A: fangs 3, see invisible, unbreathing
a: no special abilities


You were on level 1 of the Dungeon.
You were not thirsty.

You visited 1 branch of the dungeon, and saw 2 of its levels.

You collected 38 gold pieces.

Inventory:

Hand Weapons
 a - a +1 dagger (weapon)
Armour
 b - a +0 robe (worn)
 g - a +1 hat of magic resistance (worn)
Scrolls
 e - a scroll of identify {unknown}
 f - 3 scrolls of teleportation {unknown}
Potions
 d - 5 potions of blood
 h - a potion of cancellation {unknown}
Books
 c - a book of Maledictions

   Spells                             Type                      Level
   a - Corona                         Hexes                        1
   b - Ensorcelled Hibernation        Hexes/Ice                    2
   c - Confuse                        Hexes                        3
   d - Tukima's Dance                 Hexes                        3
   e - Dazzling Spray                 Conjuration/Hexes            3


   Skills:
 + Level 1.1 Short Blades
 + Level 2.2 Dodging
 + Level 5.0 Stealth
 + Level 2.0 Spellcasting
 + Level 5.0 Hexes


You had 2 spell levels left.
You knew the following spells:

 Your Spells              Type           Power        Failure   Level  Hunger
a - Corona                Hex            ###....      2%          1    #......
h - Ensorcelled Hibernat  Hex/Ice        ##....       11%         2    ###....


Dungeon Overview and Level Annotations

Branches:
Dungeon (2/15)

Altars:
Gozag

Annotations:
D:2 Robin


Innate Abilities, Weirdness & Mutations

You have razor-sharp teeth.
You have supernaturally acute eyesight. (SInv)
You can survive without breathing.


Message History

You climb downwards.
Level annotation: Robin The goblin hits you but does no damage.
The goblin misses you. Robin throws the goblin at you!
The goblin hits you but does no damage. The goblin misses you.
The goblin hits you. The goblin closely misses you.
The goblin hits you but does no damage.
Robin roars a battlecry!
The goblins go into a battle-frenzy!
The goblin closely misses you.
There is a stone staircase leading up, spattered with blood here.
The goblin hits you but does no damage. x2; The goblin closely misses you. x2
The goblin barely misses you. The goblin hits you with a club.
You climb upwards.
There is a stone staircase leading down here.
You hit the goblin.
The goblin is heavily wounded.
The goblin hits you with a dagger. The goblin hits you.
* * * LOW HITPOINT WARNING * * *
The goblin hits you.
You die...

..# ######## ... ......#
... ..##.# #.# ####.##.#
## #.# #....##.# ?
###.####.......# .#
....#........[.# #.##
###..........#.##g..##.#
....#........#.g@g.....#
#####......>####gg...###
# #.##........g..#.# #
#.####.#####.### # #.#
#.# #.. #####.# #.# ###
......# #.# ..### ...
#.# ...


You could see 6 goblins.

Vanquished Creatures
  An ooze (D:2)
  A dart slug (D:1)
  A bat (D:1)
  A goblin (D:1)
  3 hobgoblins
  A frilled lizard (D:1)
  2 rats
10 creatures vanquished.

Notes
Turn   | Place    | Note
-------+----------+-------------------------------------------
     0 | D:1      | Asanbosam the Vampire Enchanter began the quest for the Orb.
     0 | D:1      | Reached XP level 1. HP: 13/13 MP: 3/3
   293 | D:1      | Reached XP level 2. HP: 15/19 MP: 3/5
   297 | D:1      | Learned a level 2 spell: Ensorcelled Hibernation
   349 | D:2      | Found an opulent altar of Gozag.
   572 | D:1      | Reached skill level 5 in Hexes
   592 | D:2      | Noticed Robin
   597 | D:1      | Reached skill level 5 in Stealth
   622 | D:1      | Slain by a goblin

Vault maps used:
D:1:      enne_arrival_octagon_isle
D:2:      lemuel_doored_altar, first_bread, uniq_jessica, uniq_robin,
          uniq_crazy_yiuf_cottage

Skill      XL: |  1  2 |
---------------+-------+-----
Hexes          | 5 |  5.0
Stealth        | 5 |  5.0
Short Blades   | |  1.1
Dodging        | |  2.2
Spellcasting   | |  2.0

Action                   || total
-------------------------++-------
Melee: Dagger            ||    43
       Bite              ||     3
 Cast: Corona            ||     1
       Ensorcelled Hiber ||     1
 Stab: Sleeping          ||     2
Armor: Robe              ||    11
Dodge: Dodged            ||    27
